 Dungeon Crawl Stone Soup version 0.17-a0-1882-g750edc8 (webtiles) character file.

56 barthelm the Cutter (level 4, -5/29 HPs)
             Began as a Kobold Berserker on Sept 22, 2015.
             Was a Believer of Trog.
             Slain by a worm (9 damage)
             ... on level 2 of the Dungeon.
             The game lasted 00:09:31 (2020 turns).

barthelm the Cutter (Kobold Berserker)              Turns: 2020, Time: 00:09:31

Health: -5/29      AC:  3    Str: 16    XL:     4   Next: 15%
Magic:  4/4        EV: 15    Int:  5    God:    Trog [**....]
Gold:   115        SH:  0    Dex: 15    Spells: 0 memorised, 3 levels left

rFire  . . .     SeeInvis .     a - +0 short sword
rCold  . . .     Clarity  .     b - +0 animal skin
rNeg   . . .     SustAt   .     (shield restricted)
rPois  .         Gourm    .     g - +0 helmet
rElec  .         Spirit   .     (no cloak)
rCorr  .         Warding  .     (no gloves)
rMut   .         Stasis   .     (no boots)
MR     .....                    (no amulet)
Stlth  ++........               (no ring)
                                (no ring)

@: not resistant to hostile enchantments, unstealthy
A: carnivore 3
a: Burn Spellbooks, Berserk, Trog's Hand, Renounce Religion


You were on level 2 of the Dungeon.
You worshipped Trog.
Trog was pleased with you.
You were full.

You visited 1 branch of the dungeon, and saw 2 of its levels.

You collected 115 gold pieces.

Inventory:

Hand weapons
 a - a +0 short sword (weapon)
Armour
 b - a +0 animal skin (worn)
 g - a +0 helmet (worn)
Jewellery
 m - an uncursed ring of positive energy {unknown}
 n - an uncursed ring of fire {unknown}
Magical devices
 e - a wand of frost (30)
Scrolls
 l - a scroll of recharging {unknown}
Potions
 d - 2 potions of curing
 j - a potion of agility {unknown}
 k - a potion of invisibility {unknown}
Books
 i - a book of Party Tricks

   Spells                             Type                      Level
   a - Summon Butterflies             Summoning                    1
   b - Apportation                    Translocation                1
   c - Tukima's Dance                 Hexes                        3
   d - Alistair's Intoxication        Transmutation/Poison         4
   e - Invisibility                   Hexes                        6
   Trog disapproves of the use of such an item.
Comestibles
 c - a meat ration
 f - a beef jerky
 h - a slice of pizza


   Skills:
 + Level 4.1 Fighting
 + Level 5.4 Short Blades
 - Level 1.6 Armour
 - Level 2.4 Dodging
 - Level 0.4 Stealth


You had 3 spell levels left.
You didn't know any spells.

Dungeon Overview and Level Annotations

Branches:
Dungeon (2/15)

Altars:
Makhleb


Innate Abilities, Weirdness & Mutations

You are small and have problems with some larger weapons.
You are carnivorous and can eat meat at any time.


Message History

You are too injured to fight recklessly!
You are too injured to fight recklessly!
You are too injured to fight recklessly!
You hit the worm.
The worm is lightly wounded.
You barely miss the worm.
The worm is lightly wounded.
The worm misses you.
You hit the worm but do no damage.
The worm is lightly wounded.
You hit the worm.
The worm is lightly wounded.
The worm bites you.
* * * LOW HITPOINT WARNING * * *
You hit the worm.
The worm is moderately wounded.
You hit the worm.
The worm is moderately wounded.
The worm bites you!
You die...

# .# ##.
..###### #
#......#
#.#......#
#........#
#w@...<#
#......#
#.....##.###
###### #.#
####.#
#....#
#.#### . #.#
..### ###
#.#


You could see a worm.

Vanquished Creatures
  An adder (D:2)
  A worm (D:2)
  2 giant geckos (D:2)
  A ball python (D:2)
  8 hobgoblins
  6 jackals (D:1)
  4 bats
  4 giant newts
  5 goblins
  3 kobolds
  5 rats
40 creatures vanquished.

Notes
Turn   | Place    | Note
--------------------------------------------------------------
     0 | D:1      | barthelm the Kobold Berserker began the quest for the Orb.
     0 | D:1      | Reached XP level 1. HP: 14/14 MP: 1/1
   146 | D:1      | Reached XP level 2. HP: 4/19 MP: 2/2
   699 | D:1      | Reached XP level 3. HP: 18/23 MP: 3/3
  1215 | D:2      | Reached skill level 5 in Short Blades
  1596 | D:2      | Found a burning altar of Makhleb.
  1676 | D:2      | Acquired Trog's second power
  1715 | D:2      | Reached XP level 4. HP: 13/29 MP: 4/4
  1724 | D:2      | HP: 1/29 [worm (4)]
  2020 | D:2      | Slain by a worm

Vault maps used:
D:1:      nagdon_arrival_zigzag_paths
D:2:      lemuel_crystal_altar, first_bread, minivault_26

Action                   |  1- 3 |  4- 6 || total
-------------------------+-------+-------++-------
Melee: Short sword       |   137 |    30 ||   167
Invok: Berserk           |     4 |     1 ||     5
       Trog's Hand       |       |     1 ||     1
  Use: Scroll            |     5 |       ||     5
 Stab: Sleeping          |     3 |       ||     3
  Eat: Chunk             |    11 |     3 ||    14
